 Dungeon Crawl Stone Soup version 0.29-a0-486-ga88943ba61 (webtiles) character file.

Game seed: 12778276386253783655

66106 Bruhh the Unflinching (level 15, 16/112 HPs)
             Began as a Djinni Earth Elementalist on May 26, 2022.
             Was a Believer of the Shining One.
             Quit the game on level 2 of the Abyss.
             The game lasted 00:55:54 (35677 turns).

Bruhh the Unflinching (Djinni Earth Elementalist)  Turns: 35677, Time: 00:55:55

Health: 16/112     AC: 13    Str:  7    XL:     15   Next: 60%
Gold:   1132       EV: 13    Int: 30    God:    the Shining One [**....] SH:  0 Dex: 14

rFire   + + .      SeeInvis .   r - staff of earth
rCold   . . .      Faith    .   (no shield)
rNeg    + . .      Spirit   .   U - +2 ring mail {rC+}
rPois   ∞          Reflect  .   g - +1 helmet
rElec   .          Harm     .   (no cloak)
rCorr   .          Rampage  .   D - +0 pair of gloves
Will    +....                   (boots unavailable)
Stlth   +.........              (no amulet)
HPRegen 0.28/turn               v - +6 ring of intelligence
MPRegen 0.00/turn               y - ring of wizardry

@: about to teleport, flying, glowing
A: sickness immunity, fire resistance 2, cold vulnerability 1, float, innate
caster, HP casting, extra vitality 1
a: Renounce Religion, Divine Shield


You were on level 2 of the Abyss.
You worshipped the Shining One.
The Shining One was pleased with you.
You visited 4 branches of the dungeon, and saw 19 of its levels.
You visited the Abyss 2 times.
You also visited: Ossuary.

You collected 1132 gold pieces.

Inventory:

Hand Weapons
 c - a +0 dagger
 i - a +0 quarterstaff
 o - a +3 dagger
Missiles
 h - 20 poisoned darts
 w - 359 stones
 A - 3 throwing nets
Armour
 b - a +0 robe
 g - a +1 helmet (worn)
 B - a +0 leather armour
 D - a +0 pair of gloves (worn)
 H - +0 steam dragon scales
 U - a +2 ring mail of cold resistance (worn)
Magical Staves
 r - a staff of earth (weapon)
Jewellery
 m - a ring of protection from fire
 v - a +6 ring of intelligence (left hand)
 y - a ring of wizardry (right hand)
 I - a ring of wizardry
 O - a +4 ring of evasion
 R - a ring of resist corrosion
 T - a ring of ice
Wands
 e - a wand of charming (5)
 f - a wand of mindburst (1)
 z - a wand of iceblast (8)
 J - a wand of polymorph (1)
 K - a wand of flame (21)
 L - a wand of acid (8)
Scrolls
 l - 3 scrolls of amnesia
 n - a scroll of enchant weapon
 s - 2 scrolls of fear
 x - 9 scrolls of identify
 G - 2 scrolls of torment
 N - 2 scrolls of magic mapping
Potions
 a - a potion of flight
 d - a potion of ambrosia {unknown}
 j - 2 potions of invisibility {unknown}
 k - 4 potions of cancellation
 p - 2 potions of magic {unknown}
 q - 3 potions of might {unknown}
 t - 4 potions of brilliance
 u - a potion of lignification
 C - a potion of resistance {unknown}
 E - 3 potions of curing
 F - 2 potions of attraction {unknown}
 M - a potion of berserk rage {unknown}
 P - 3 potions of mutation {unknown}
 Q - a potion of heal wounds
 S - 2 potions of haste {unknown}
Miscellaneous
 V - a piece from Xom's chessboard (15/15)


   Skills:
 - Level 12.0 Fighting
 - Level 12.0 Armour
 - Level 10.0 Dodging
 - Level 1.5 Stealth
 + Level 10.1 Spellcasting
 - Level 12.0 Invocations
 - Level 8.0 Evocations


You couldn't memorise any spells.
You knew the following spells:

 Your Spells              Type           Power      Damage    Failure   Level
a - Sandblast             Erth           100%       2d20      1%          1
b - Passwall              Tmut/Erth      70%        N/A       1%          2
c - Stone Arrow           Conj/Erth      100%       3d13      1%          3
d - Petrify               Tmut/Erth      85%        N/A       1%          4
e - Slow                  Hex            100%       N/A       1%          1
f - Wereblood             Tmut           66%        N/A       1%          2
g - Swiftness             Air            66%        N/A       1%          3
h - Spider Form           Tmut/Pois      66%        N/A       1%          3
i - Passage of Golubria   Tloc           66%        N/A       1%          4
j - Iskenderun's Battles  Conj           66%        2d12      1%          5
k - Iron Shot             Conj/Erth      42%        9d8       9%          6
Your spell library was empty.

Dungeon Overview and Level Annotations

Branches:
Dungeon (11/15)            Temple (0/1) D:5            Lair (6/6) D:8
 Shoals (0/4) Lair:3       Spider (0/4) Lair:2        Slime (1/5) Lair:6
    Orc (1/2) D:10        Ossuary (visited)

Altars:
Dithmenos
Elyvilon
Hepliaklqana
Makhleb
Okawaru
Qazlal
Trog
Xom
The Shining One

Annotations:
D:3 1 runed translucent door, Crazy Yiuf
D:9 2 transporters, gareppa's ghost, novice GrFi
Orc:1 1 transporter, Dreanil's ghost, journeyman TrWr


Innate Abilities, Weirdness & Mutations

You are immune to sickness and miasma.
You are immune to poison.
Your flesh is very heat resistant. (rF++)
You are vulnerable to cold. (rC-)
You float through the air rather than walking.
You learn spells naturally, not from books.
Your magical power is your life essence.
You have superior vitality. (+4 MHP)


Message History

Confirm with . or Enter, or press ? or * to list all spells.
Aiming: Iron Shot (dangerous; 9% risk of failure)
Press: ? - help, Shift-Dir - straight line, f/p - spatial maelstrom
Aim: a spatial maelstrom (severely damaged, 92% to hit)
Okay, then.
Casting: Iron Shot (dangerous; 9% risk of failure)
Confirm with . or Enter, or press ? or * to list all spells.
Okay, then.
Okay, then.
Okay, then.
Unknown command.
Okay, then.
The fire bat bites you but does no damage.
A smoke demon comes into view.
The fire bat attacks as you move away! The fire bat closely misses you.
The fire bat completely misses you. The fire bat bites you.
* * * LOW HITPOINT WARNING * * *
You are engulfed in flames.
You resist.
* * * LOW HITPOINT WARNING * * *
The fire bat bites you but does no damage. x3
The fire bat closely misses you. The fire bat barely misses you.
Casting: Iron Shot (dangerous; 9% risk of failure)
Confirm with . or Enter, or press ? or * to list all spells.
Okay, then.
As you read the scroll of teleportation, it crumbles to dust.
You feel strangely unstable.
You feel the power of the Abyss delaying your translocation!
The fire bat bites you.
* * * LOW HITPOINT WARNING * * *
You are engulfed in flames.
You resist.
* * * LOW HITPOINT WARNING * * *
The fire bat barely misses you.
The fire bat bites you but does no damage.
The fire bat bites you.
* * * LOW HITPOINT WARNING * * *
You are engulfed in flames.
You resist.
* * * LOW HITPOINT WARNING * * *
Really quaff the potion of lignification?
Okay, then.
Are you sure you want to abandon this character and quit the game? (Confirm with "yes".)

. ......##
.....>. #. . ..
##...#. ... .
... .....##..#
.... #.......
....##.....# #
......b...# ..##
.
..3..x.@..#....#
# ......b.v...#
#.
..v....b>.#...#
........b.# .##
# .............
..###.##.#...# #
. ##.§##.#...#
#.# .....'. ###
. .##.##.#


You could see a spatial maelstrom, a spatial vortex, an ancient zyme, a smoke
demon and 4 fire bats.

Vanquished Creatures
  An ancient lich (Abyss:2)
  An orc warlord (Orc:1)
  A dire elephant (Lair:6)
  Snorg (D:11)
  Harold (Lair:2)
  4 hydras
  Erica (D:8)
  A boulder beetle (Lair:4)
  2 alligators (Lair:3)
  An anaconda (Lair:3)
  2 two-headed ogres (D:10)
  9 death yaks
  2 spectral death yaks (Lair:6)
  Nergalle (Lair:4)
  A spectral anaconda (Lair:6)
  An obsidian statue (Lair:6)
  A wizard (D:10)
  Pikel (D:7)
  2 deep elf zephyrmancers (D:10)
  3 necromancers (Lair:6)
  An orc sorcerer (Orc:1)
  9 black mambas
  15 elephants
  16 cane toads
  2 smoke demons (Abyss:2)
  A dire elephant skeleton (Lair:6)
  A freezing wraith (Abyss:2)
  5 rime drakes
  3 komodo dragons
  A hellwing (Abyss:2)
  A red devil (Abyss:2)
  5 polar bears
  3 hornets
  3 slime creatures (Lair:6)
  6 dream sheep (Lair:4)
  4 raiju (Abyss:2)
  26 blink frogs
  4 spectral elephants (Lair:6)
  A shadow (D:10)
  A dire elephant simulacrum (Lair:6)
  A wraith (D:10)
  70 yaks
  4 basilisks
  A wyvern (Lair:3)
  4 vampire mosquitoes (D:10)
  4 steam dragons
  3 redbacks (Lair:2)
  A warg (Orc:1)
  An acid dragon (D:9)
  2 death yak simulacra (Lair:6)
  16 water moccasins
  3 sky beasts
  3 black bears
  2 elephant zombies (Lair:6)
  11 orc warriors
  An ice beast (D:5)
  An ogre (D:6)
  12 wolves
  4 centaurs
  3 phantoms
  3 lemures
  3 elf zombies (Ossuary)
  2 elephant skeletons (Lair:6)
  2 kobold brigands
  13 bullfrogs
  3 necrophages
  3 scorpions
  9 wights
  2 troll zombies (D:10)
  4 elephant simulacra (Lair:6)
  An electric eel (Lair:3)
  2 jellies
  A lava snake (Lair:6)
  A small abomination (Abyss:2)
  10 hounds
  7 orc priests
  A human zombie (Ossuary)
  3 iguanas
  Terence (D:3)
  2 hell rats (Lair:3)
  9 orc wizards
  4 ogre zombies (D:10)
  2 mummies (Ossuary)
  2 gnolls
  10 adders
  2 white imps (D:7)
  2 adder zombies (Ossuary)
  A worm (D:3)
  2 dart slugs
  24 orcs
  5 bats
  8 endoplasms
  4 giant cockroaches
  9 goblins
  6 hobgoblins
  2 jackals (D:2)
  7 quokkas
  4 ball pythons
  4 frilled lizards
  A goblin skeleton (D:10)
  5 goblin zombies
  A hobgoblin skeleton (D:10)
  10 hobgoblin zombies
  10 kobolds
  13 kobold zombies (Ossuary)
  4 orc skeletons (D:10)
  16 orc zombies
  9 rats
541 creatures vanquished.

Vanquished Creatures (others)
  A blink frog (Lair:3)
  48 fungi
  96 plants
  31 withered plants (Lair:6)
176 creatures vanquished.

Grand Total: 717 creatures vanquished

Notes
Turn   | Place    | Note
-------+----------+-------------------------------------------
     0 | D:1      | Bruhh the Djinni Earth Elementalist began the quest for the
                  | Orb.
     0 | D:1      | Reached XP level 1. HP: 15/15 MP: 0/0
    68 | D:1      | Reached XP level 2. HP: 15/21 MP: 0/0
   253 | D:1      | Reached XP level 3. HP: 15/25 MP: 0/0
   253 | D:1      | Learned a level 1 spell: Slow
  1461 | D:2      | Identified the +5 spear of Death {antimagic, Contam Fly
                  | rElec}
  1589 | D:2      | Reached XP level 4. HP: 26/31 MP: 0/0
  2102 | D:2      | Found a faded altar of an unknown god.
  2612 | D:3      | Reached XP level 5. HP: 14/35 MP: 0/0
  2612 | D:3      | Learned a level 2 spell: Wereblood
  2823 | D:3      | Found a large runed translucent door.
  3108 | D:3      | Noticed Terence
  3123 | D:3      | Killed Terence
  3477 | D:3      | Reached XP level 6. HP: 39/40 MP: 0/0
  3877 | D:3      | Found a large runed translucent door.
  4010 | D:3      | Found a runed translucent door.
  4011 | D:3      | Noticed Crazy Yiuf
  4276 | D:3      | Found a hazy altar of Hepliaklqana.
  4286 | D:3      | Found an iron altar of Okawaru.
  5153 | D:5      | Entered Level 5 of the Dungeon
  5157 | D:5      | Reached skill level 5 in Spellcasting
  5218 | D:5      | Noticed a black bear
  5570 | D:5      | Killed a black bear
  5594 | D:5      | Found a sand-covered staircase.
  5598 | Ossuary  | Entered an ossuary
  6170 | Ossuary  | Reached XP level 7. HP: 38/45 MP: 0/0
  6170 | Ossuary  | Learned a level 3 spell: Swiftness
  6879 | D:5      | Reached XP level 8. HP: 45/50 MP: 0/0
  6904 | D:5      | Reached skill level 1 in Fighting
  7084 | D:5      | Found a staircase to the Ecumenical Temple.
  7763 | D:6      | Found a glowing golden altar of the Shining One.
  7992 | D:6      | Reached skill level 5 in Fighting
  8027 | D:6      | Reached XP level 9. HP: 47/66 MP: 0/0
  8027 | D:6      | Learned a level 3 spell: Spider Form
  8523 | D:6      | Found a bloodstained altar of Trog.
  8844 | D:6      | Found a shadowy altar of Dithmenos.
  9409 | D:7      | Noticed Pikel
  9634 | D:7      | Reached skill level 1 in Armour
  9759 | D:7      | Killed Pikel
  9760 | D:7      | Reached XP level 10. HP: 69/78 MP: 0/0
  9974 | D:7      | Found a white marble altar of Elyvilon.
 10257 | D:7      | Became a worshipper of Elyvilon the Healer
 10471 | D:8      | Found a staircase to the Lair.
 10531 | D:8      | Noticed Erica
 10554 | D:8      | Killed Erica
 10555 | D:8      | Reached skill level 10 in Fighting
 10555 | D:8      | Reached skill level 5 in Armour
 10562 | D:8      | Reached skill level 1 in Invocations
 11008 | D:8      | Found a stormy altar of Qazlal.
 11317 | D:8      | Noticed a centaur warrior
 11317 | D:8      | Noticed a boulder beetle
 11317 | D:8      | Noticed a cyclops
 11317 | D:8      | Noticed a brown ugly thing
 11317 | D:8      | Noticed a skeletal warrior
 11318 | D:8      | Noticed a manticore
 11318 | D:8      | Noticed a green ugly thing
 11327 | D:8      | Noticed a five-headed hydra
 11351 | D:8      | Noticed a centaur warrior
 11515 | D:8      | Reached * piety under Elyvilon
 12101 | D:9      | Found a transporter.
 12138 | D:9      | Noticed a brown ugly thing
 12141 | D:9      | Noticed gareppa's ghost (novice GrFi)
 12325 | D:9      | Found a transporter.
 12393 | D:9      | Reached ** piety under Elyvilon
 12893 | D:10     | Entered Level 10 of the Dungeon
 12929 | D:10     | Reached XP level 11. HP: 76/85 MP: 0/0
 12929 | D:10     | Learned a level 4 spell: Passage of Golubria
 12965 | D:10     | Reached skill level 5 in Invocations
 13393 | D:10     | Found a staircase to the Orcish Mines.
 13678 | D:10     | Noticed a wizard
 13679 | D:10     | Noticed a wizard
 13680 | D:10     | Cast into level 2 of the Abyss (a wizard)
 13703 | Abyss:2  | Noticed a starcursed mass
 13731 | Abyss:2  | Noticed a starcursed mass
 13761 | Abyss:2  | Noticed a worldbinder
 13779 | D:10     | Escaped the Abyss
 13782 | D:10     | Killed a wizard
 13803 | D:10     | Noticed a deep elf zephyrmancer
 13807 | D:10     | Killed a deep elf zephyrmancer
 13812 | D:10     | Noticed a deep elf zephyrmancer
 13815 | D:10     | Killed a deep elf zephyrmancer
 13873 | Orc:1    | Entered Level 1 of the Orcish Mines
 13873 | Orc:1    | Noticed Dreanil's ghost (journeyman TrWr)
 13873 | Orc:1    | Found a transporter.
 13964 | Lair:1   | Entered Level 1 of the Lair of Beasts
 14612 | Lair:1   | Reached *** piety under Elyvilon
 15353 | Lair:1   | Reached skill level 10 in Armour
 15353 | Lair:1   | Reached XP level 12. HP: 85/91 MP: 0/0
 16500 | Lair:2   | Found a hole to the Spider Nest.
 17918 | Lair:1   | HP: 1/91 [yak (5)]
 18166 | Lair:2   | Reached skill level 10 in Invocations
 19050 | Lair:2   | Noticed Harold
 19054 | Lair:2   | Killed Harold
 19507 | Lair:2   | Reached **** piety under Elyvilon
 19526 | Lair:2   | Reached XP level 13. HP: 82/96 MP: 0/0
 19526 | Lair:2   | Learned a level 5 spell: Iskenderun's Battlesphere
 20194 | Lair:3   | Found a staircase to the Shoals.
 20362 | Lair:3   | Noticed an anaconda
 20362 | Lair:3   | Noticed a seven-headed hydra
 20365 | Lair:3   | HP: 3/96 [electric eel/bolt of electricity (8)]
 21165 | Lair:3   | Reached skill level 10 in Spellcasting
 21618 | Lair:2   | Reached skill level 5 in Dodging
 22182 | Lair:3   | Killed a seven-headed hydra
 22366 | Lair:3   | You are sucked into a shaft and drop 1 floor!
 22470 | Lair:4   | Noticed Nergalle
 23073 | Lair:3   | Killed an anaconda
 23489 | Lair:3   | Reached XP level 14. HP: 70/103 MP: 0/0
 23490 | Lair:3   | Identified the +1 long sword of Meafikamio {vorpal, Dex+2}
 23649 | Lair:3   | Reached skill level 10 in Dodging
 25009 | Lair:4   | Killed Nergalle
 26419 | Lair:5   | HP: 5/103 [yak (10)]
 27176 | Lair:6   | Entered Level 6 of the Lair of Beasts
 27180 | Lair:6   | Reached ***** piety under Elyvilon
 28592 | Lair:6   | Reached skill level 1 in Evocations
 28698 | Lair:6   | Found a staircase to the Slime Pits.
 28715 | Slime:1  | Entered Level 1 of the Pits of Slime
 28982 | Lair:6   | HP: 2/107 [death yak (21)]
 29652 | Lair:6   | Reached XP level 15. HP: 99/112 MP: 0/0
 29652 | Lair:6   | Learned a level 6 spell: Iron Shot
 30121 | Lair:6   | Reached skill level 5 in Evocations
 33306 | Orc:1    | Noticed an orc warlord
 33317 | Orc:1    | Killed an orc warlord
 34030 | D:10     | Found a burning altar of Makhleb.
 34389 | D:10     | Found a shimmering altar of Xom.
 35101 | D:11     | Noticed Snorg
 35105 | D:11     | Killed Snorg
 35307 | D:6      | Fell from the grace of Elyvilon
 35307 | D:6      | Became a worshipper of the Shining One
 35307 | D:6      | Reached * piety under the Shining One
 35307 | D:6      | Reached ** piety under the Shining One
 35438 | D:11     | Cast into level 2 of the Abyss (a wizard)
 35535 | Abyss:2  | Noticed an ancient lich
 35539 | Abyss:2  | Killed an ancient lich
 35548 | Abyss:2  | Noticed a tentacled starspawn
 35677 | Abyss:2  | Quit the game

Illustrated notes

Levels and vault maps discovered:
D:1:      dpeg_arrival_long_road, layout_basic, nicolae_grassy_gnolls
D:2:      layout_basic, nicolae_ecumenical_oubliette, hangedman_decor_growths,
          amcnicky_mini_rare_corridor_liquid, grunt_ministairs_11
D:3:      layout_loops_corners, jmf_multi_god_temple2, uniq_terence,
          uniq_crazy_yiuf_cottage
D:4:      layout_basic
D:5:      layout_gridville, minmay_temple_entry_antechambers, enter_ossuary_5
D:6:      layout_basic, trog_antimagical, marbit_many_paths, tso_altar,
          minmay_bent
D:7:      layout_rooms, elyvilon_altar_4, serial_glass, glass_columns_b,
          glass_columns_a, glass_columns_a, glass_columns_a, uniq_pikel
D:8:      layout_cave_pods, nicolae_qazlal_eye_of_the_storm, lair_entry_dummy,
          minivault_12, uniq_erica
D:9:      layout_basic, nzn_ghost_randoct, minmay_misc_feat_roman
D:10:     layout_basic, xom_butterflies, mainiacjoe_overflow_24_doors,
          zombieorc1_lemuel, serial_co_window_serial,
          co_window_of_opportunity_a, co_window_corner_a, co_window_paths_b,
          co_window_of_opportunity_a, co_window_corner_a, co_window_cross_4,
          co_window_corner_ca, co_window_of_opportunity_c, glass_columns_b,
          glass_columns_b, glass_columns_a, bh_hangedman_babel_library
D:11:     layout_roguey, serial_shops, bzr_entry_road, lightli_church_of_beogh,
          uniq_gastronok, uniq_snorg, uniq_erolcha
Lair:1:   layout_long_grid
Lair:2:   layout_cave_pods, spider_nest_entry_webs, grunt_megastairs_5,
          infiniplex_staircase_pool, uniq_harold
Lair:3:   layout_regular_city, minmay_shoals_entry_centaurs,
          nicolae_lair_lakeside_cave
Lair:4:   layout_roguey, uniq_nergalle
Lair:5:   layout_regular_city
Lair:6:   due_jungle_book, layout_gridlike, minmay_slime_entry_pillars
Slime:1:  layout_caves, special_room [special_room_jelly]
Orc:1:    layout_diamond_mine, gammafunk_ghost_arena, sword_in_stone
Abyss:2:  base: D:1, base:
Depths:4

Skill      XL: |  1  2  3  4  5  6  7  8  9 10 11 12 13 14 15 |
---------------+----------------------------------------------+-----
Spellcasting   | 3 4 5 6 7 8 10 | 10.1
Fighting       | 6 9 10 12 | 12.0
Armour         | 3 7 10 11 12 | 12.0
Invocations    | 4 7 10 12 | 12.0
Dodging        | 9 10 | 10.0
Evocations     | 3 8 |  8.0
Stealth        | |  1.5

Action                   |  1- 3 |  4- 6 |  7- 9 | 10-12 | 13-15 || total
-------------------------+-------+-------+-------+-------+-------++-------
Melee: Unarmed           |     1 |       |       |     9 |       ||    10
       Quarterstaff      |    21 |     2 |       |       |       ||    23
       Dagger            |     7 |     2 |       |       |       ||     9
       Staff             |       |    67 |     7 |     1 |    11 ||    86
       Punch             |       |       |     1 |       |       ||     1
 Cast: Sandblast         |    32 |    68 |    13 |     8 |    25 ||   146
       Stone Arrow       |       |    19 |    96 |   296 |   436 ||   847
       Passage of Golubr |       |       |       |     6 |     1 ||     7
       Petrify           |       |       |       |     1 |       ||     1
       Spider Form       |       |       |       |     1 |       ||     1
       Slow              |       |       |       |       |     2 ||     2
       Iskenderun's Batt |       |       |       |       |     2 ||     2
       Swiftness         |       |       |       |       |     2 ||     2
       Iron Shot         |       |       |       |       |   147 ||   147
Invok: Heal Self         |       |       |       |     5 |    16 ||    21
       Divine Vigour     |       |       |       |       |     1 ||     1
  Use: Scroll            |       |     6 |       |    12 |    11 ||    29
       Potion            |       |       |     2 |     5 |     9 ||    16
 Stab: Sleeping          |     1 |     1 |       |       |       ||     2
Armor: Robe              |     6 |    42 |     3 |       |       ||    51
       Leather armour    |       |       |    11 |     5 |       ||    16
       Steam dragon scal |       |       |       |    62 |    98 ||   160
       Skin              |       |       |       |       |    85 ||    85
       Ring mail         |       |       |       |       |    25 ||    25
Dodge: Dodged            |    37 |    63 |    20 |   140 |   218 ||   478

Table legend: (Time is in decaauts)
 A = Elapsed time spent in this place.
 B = Non-inter-level travel time spent in this place.
 C = Inter-level travel time spent in this place.
 D = Time resting spent in this place.
 E = Time spent auto-exploring this place.
 F = Levels seen in this place.
 G = Mean time per level.
                   A        B        C        D        E       F      G
               +--------+--------+--------+--------+--------+-----+--------+
         Total |  35712 |  34359 |   1353 |   4755 |  25594 |  22 | 1623.3 |
       Dungeon |  15455 |  14623 |    832 |   1542 |  11629 |  11 | 1405.0 |
          Lair |  18609 |  18089 |    520 |   3213 |  12838 |   6 | 3101.5 |
    Slime Pits |      1 |      1 |      0 |      0 |      0 |   1 |    1.0 |
  Orcish Mines |    130 |    130 |      0 |      0 |     66 |   1 |  130.0 |
         Abyss |    337 |    337 |      0 |      0 |    181 |   2 |  168.5 |
       Ossuary |   1178 |   1178 |      0 |      0 |    880 |   1 | 1178.0 |
               +--------+--------+--------+--------+--------+-----+--------+

Top non-repeatable levels by time:
  Lair:6: 5095 daAuts
  Lair:1: 4221 daAuts
  Lair:2: 3205 daAuts
    D:10: 3101 daAuts
  Lair:3: 2512 daAuts
  Lair:4: 2119 daAuts
     D:3: 2024 daAuts
     D:6: 1882 daAuts
     D:9: 1529 daAuts
  Lair:5: 1455 daAuts
     D:8: 1396 daAuts
     D:1: 1359 daAuts
 Ossuary: 1178 daAuts
     D:2: 1071 daAuts
     D:7: 1071 daAuts
